Capitals vs Hurricanes

Created - 18 janvier 2022 at 16:33

Goals
1 2 3 OT1 T
Capitals 2 1 1 0 4
Hurricanes 2 0 2 1 5
Shots
1 2 3 OT1 T
Capitals 13 19 10 1 43
Hurricanes 6 2 19 2 29

GoalsPenalties
1st period
1. Capitals , Sidney Crosby 21 (Alex Ovechkin 13, Mikko Rantanen 31) at 0:36
2. Hurricanes , Danton Heinen 4 (Darren Helm 9, Victor Rask 9) at 4:28
3. Hurricanes , Leo Komarov 4 (Danton Heinen 3, Ryan Murray 13) at 12:12 (PP)
4. Capitals , Pavel Buchnevich 6 (Erik Karlsson 20, Calle Jarnkrok 6) at 18:06 (PP)
Drew Doughty (WAS) for Holding (Minor) at 6:08
Drew Doughty (WAS) for High sticking (Minor) at 11:54
Markus Nutivaara (CAR) for Roughing (Minor) at 16:52
Brian Boyle (CAR) for Hooking (Minor) at 19:35
2nd period
5. Capitals , Sidney Crosby 22 (Mikko Rantanen 32, Josh Manson 21) at 6:06 (PP)
Ryan Murray (CAR) for High sticking (Minor) at 5:49
Cody Ceci (WAS) for Interference (Minor) at 12:26
3rd period
6. Capitals , Drew Doughty 4 (Erik Karlsson 21, Pavel Buchnevich 15) at 11:08 (PP)
7. Hurricanes , Darren Helm 11 (Neal Pionk 16, Quinn Hughes 31) at 17:08
8. Hurricanes , Andrew Cogliano 6 (Ryan Murray 14, Markus Nutivaara 10) at 18:14
Alex Ovechkin (WAS) for Roughing (Minor) at 0:03
Quinn Hughes (CAR) for Hooking (Minor) at 10:50
Overtime #1
9. Hurricanes , Josh Bailey 12 (Neal Pionk 17, Nikita Gusev 7) at 2:04
No Penalty
Goalie Stats
Ilya Samsonov (WAS), 24 saves from 29 shots - (0,828), OTL, 6-9-2, 62:05 minutes
Joonas Korpisalo (CAR), 39 saves from 43 shots - (0,907), W, 13-24-3, 62:05 minutes
3 StarsOfficial
1 - Neal Pionk (CAR)
2 - Darren Helm (CAR)
3 - Danton Heinen (CAR)
Referees : Jacob Brenk and Graham Skiliter
Linesman : Tim Nowak and Lonnie Cameron
Game Note
No Game Note



Team Name Goals Shots Shots Attemp Shots Blocked PIM HIT PP PK FO%
Capitals 4437398283 / 4 (75%)160%
Hurricanes 52966108271 / 4 (25%)340%

Capitals
Player Name POS G A P +/- PIM HIT SHT SB MP PP MP PP SHT PK MP PK SHT FO% FOT
Adam LarssonD0000022019:590:0003:1100% 0
Alex OvechkinLW/RW0110295019:441:4400:000100% 1
Brad RichardsonC/LW/RW0000000010:500:0003:0500% 2
Brandon TanevLW/RW000-2035216:440:0003:1000% 0
Brayden PointC000-3003017:052:0410:00073% 26
Calle JarnkrokC/LW/RW0110000013:012:0400:00050% 4
Cody CeciD000-1221018:181:5012:2000% 0
Drew DoughtyD101-1424023:461:5832:0200% 0
Erik KarlssonD0220002220:531:5811:5300% 0
Garnet HathawayRW000001007:450:0000:0000% 0
Ivan BarbashevC/LW/RW0000033114:070:0003:10144% 16
Jay BeagleC0000014010:500:0003:05088% 8
Josh MansonD011-2011224:531:5003:0000% 0
Luke KuninC/RW0000012010:570:0000:000100% 1
Mikko RantanenRW0220013020:311:4400:00033% 3
Pavel BuchnevichLW/RW112-2012015:382:0410:0000% 0
Sidney CrosbyC202-1016120:421:4420:00054% 24
Trevor van RiemsdykD000-1000114:130:0000:0400% 0
Hurricanes
Player Name POS G A P +/- PIM HIT SHT SB MP PP MP PP SHT PK MP PK SHT FO% FOT
Andrew CoglianoC/LW1011003113:030:3300:00038% 16
Andrew ShawC/LW/RW0001010012:300:0000:000100% 1
Brian BoyleC/LW000-1223118:093:1701:06033% 3
Chris WagnerC/LW/RW0001000013:350:0001:05033% 3
Curtis LazarC/RW0000001012:160:0000:0000% 2
Danton HeinenC/LW/RW1122002016:152:5800:0000% 0
Darren HelmC/LW1122024017:122:5811:37075% 4
Josh BaileyC/LW/RW1010003019:133:1711:57035% 20
Leo KomarovC/LW/RW1010022014:412:2510:00044% 16
Markus NutivaaraD0111231320:432:4311:0800% 0
Moritz SeiderD0000001114:480:0000:4800% 0
Neal PionkD02220100326:153:3202:1400% 0
Nikita GusevLW/RW0110010018:343:1701:51033% 9
Quinn HughesD0111202024:202:5911:3800% 0
Ryan MurrayD0221240120:572:4301:2200% 0
Sonny MilanoLW/RW0000013012:160:0000:0000% 0
Victor RaskC0112004012:370:0000:00045% 11
Zach BogosianD0000010014:590:3300:2600% 0

Capitals

5 vs 5 Forward
Line #Left WingCenterRight WingPHYDFOFWanted %Time %Time Play
1Alex OvechkinSidney CrosbyMikko Rantanen1223535%17:41
2Brandon TanevBrayden PointPavel Buchnevich1222727%13:34
3Calle JarnkrokIvan BarbashevLuke Kunin1222222%10:57
4Garnet HathawayJay BeagleBrad Richardson1221616%7:45
5 vs 5 Defense
Line #DefenseDefensePHYDFOFWanted %Time %Time Play
1Josh MansonDrew Doughty1223026%13:09
2Erik KarlssonAdam Larsson1223034%16:48
3Trevor van RiemsdykCody Ceci1222428%14:09
4Drew DoughtyJosh Manson1221612%5:51
Power Play Forward
Line #Left WingCenterRight WingPHYDFOFWanted %Time %Time Play
1Alex OvechkinSidney CrosbyMikko Rantanen1225046%1:44
2Calle JarnkrokBrayden PointPavel Buchnevich1225054%2:04
Power Play Defense
Line #DefenseDefensePHYDFOFWanted %Time %Time Play
1Erik KarlssonDrew Doughty1225052%1:58
2Josh MansonCody Ceci1225048%1:50
Penalty Kill 4 Players Forward
Line #CenterWingPHYDFOFWanted %Time %Time Play
1Ivan BarbashevBrandon Tanev1225051%3:10
2Jay BeagleBrad Richardson1225049%3:05
Penalty Kill 4 Players Defense
Line #DefenseDefensePHYDFOFWanted %Time %Time Play
1Cody CeciAdam Larsson1225051%3:11
2Josh MansonDrew Doughty1225049%3:04
Penalty Kill 3 Players
Line #WingPHYDFOFWanted %Time %Time PlayDefenseDefensePHYDFOFWanted %Time %Time Play
1Ivan Barbashev122500%0:00 Cody CeciAdam Larsson122500%0:00
2Jay Beagle122500%0:00 Josh MansonDrew Doughty122500%0:00
4 vs 4 Forward
Line #CenterWingPHYDFOFWanted %Time %Time Play
1Sidney CrosbyAlex Ovechkin122500%0:00
2Brayden PointMikko Rantanen122500%0:00
4 vs 4 Defense
Line #DefensePHYDFOFWanted %Time %Time Play
1Josh MansonDrew Doughty122500%0:00
2Erik KarlssonAdam Larsson122500%0:00
Last Minutes Offensive
Left WingCenterRight WingDefenseDefense
Alex OvechkinSidney CrosbyMikko RantanenErik KarlssonDrew Doughty
Last Minutes Defensive
Left WingCenterRight WingDefenseDefense
Brandon TanevJay BeagleIvan BarbashevJosh MansonCody Ceci
Time
Total ForwardTotal DefenseLast Minutes OffensiveLast Minutes Defensive
60:00 60:00 0:000:00
Extra Forwards
Normal PowerPlayPenalty Kill
Mikko Rantanen, Pavel Buchnevich, Brayden PointPavel Buchnevich, Brayden PointGarnet Hathaway
Extra Defensemen
Normal PowerPlayPenalty Kill
Cody Ceci, Erik Karlsson, Drew DoughtyErik Karlsson, Cody CeciErik Karlsson
Penalty Shots
Mikko Rantanen, Sidney Crosby, Alex Ovechkin, Brayden Point, Pavel Buchnevich
Goalie
Ilya Samsonov, Jake Allen
Custom OT Lines Forwards
Mikko Rantanen, Sidney Crosby, Brayden Point, Alex Ovechkin, Brandon Tanev, Pavel Buchnevich, Luke Kunin, Ivan Barbashev, Calle Jarnkrok, Garnet Hathaway
Custom OT Lines Defensemen
Josh Manson, Drew Doughty, Erik Karlsson, Cody Ceci, Adam Larsson
Scratches
Ben Harpur (Healthy), Daniel Sprong (Healthy)

Hurricanes

5 vs 5 Forward
Line #Left WingCenterRight WingPHYDFOFWanted %Time %Time Play
1Brian BoyleJosh BaileyNikita Gusev2122625%12:34
2Danton HeinenVictor RaskDarren Helm1222525%12:37
3Chris WagnerAndrew CoglianoAndrew Shaw2212525%12:30
4Sonny MilanoLeo KomarovCurtis Lazar5002425%12:16
5 vs 5 Defense
Line #DefenseDefensePHYDFOFWanted %Time %Time Play
1Neal PionkQuinn Hughes1223026%12:48
2Ryan MurrayMarkus Nutivaara1223034%16:53
3Zach BogosianMoritz Seider1222428%14:00
4Neal PionkQuinn Hughes1221613%6:16
Power Play Forward
Line #Left WingCenterRight WingPHYDFOFWanted %Time %Time Play
1Brian BoyleJosh BaileyNikita Gusev1225053%3:17
2Danton HeinenLeo KomarovDarren Helm1225047%2:58
Power Play Defense
Line #DefenseDefensePHYDFOFWanted %Time %Time Play
1Neal PionkQuinn Hughes1225057%3:32
2Ryan MurrayMarkus Nutivaara1225043%2:43
Penalty Kill 4 Players Forward
Line #CenterWingPHYDFOFWanted %Time %Time Play
1Josh BaileyBrian Boyle1225051%1:57
2Nikita GusevDarren Helm1225049%1:51
Penalty Kill 4 Players Defense
Line #DefenseDefensePHYDFOFWanted %Time %Time Play
1Neal PionkQuinn Hughes1225059%2:14
2Ryan MurrayMarkus Nutivaara1225041%1:34
Penalty Kill 3 Players
Line #WingPHYDFOFWanted %Time %Time PlayDefenseDefensePHYDFOFWanted %Time %Time Play
1Josh Bailey122500%0:00 Neal PionkQuinn Hughes122500%0:00
2Brian Boyle122500%0:00 Ryan MurrayMarkus Nutivaara122500%0:00
4 vs 4 Forward
Line #CenterWingPHYDFOFWanted %Time %Time Play
1Josh BaileyBrian Boyle122500%0:00
2Nikita GusevDarren Helm122500%0:00
4 vs 4 Defense
Line #DefensePHYDFOFWanted %Time %Time Play
1Neal PionkQuinn Hughes122500%0:00
2Ryan MurrayMarkus Nutivaara122500%0:00
Last Minutes Offensive
Left WingCenterRight WingDefenseDefense
Brian BoyleJosh BaileyNikita GusevNeal PionkQuinn Hughes
Last Minutes Defensive
Left WingCenterRight WingDefenseDefense
Brian BoyleJosh BaileyNikita GusevNeal PionkQuinn Hughes
Time
Total ForwardTotal DefenseLast Minutes OffensiveLast Minutes Defensive
60:00 60:00 0:000:00
Extra Forwards
Normal PowerPlayPenalty Kill
Darren Helm, Andrew Cogliano, Chris WagnerDarren Helm, Andrew CoglianoChris Wagner
Extra Defensemen
Normal PowerPlayPenalty Kill
Zach Bogosian, Moritz Seider, Ryan MurrayZach Bogosian, Moritz SeiderRyan Murray
Penalty Shots
Josh Bailey, Brian Boyle, Nikita Gusev, Darren Helm, Leo Komarov
Goalie
Joonas Korpisalo, Alex Stalock
Custom OT Lines Forwards
Josh Bailey, Brian Boyle, Nikita Gusev, Danton Heinen, Leo Komarov, Darren Helm, Andrew Cogliano, Chris Wagner, Curtis Lazar, Andrew Shaw
Custom OT Lines Defensemen
Neal Pionk, Quinn Hughes, Ryan Murray, Markus Nutivaara, Zach Bogosian
Scratches
Alexis Lafreniere (Torn Right ACL Injury), Kyle Rau (Healthy), Paul Cotter (Healthy), Cory Schneider (Healthy)


Play-by-Play

1st period


0:01 of 1st period - Sidney Crosby wins face-off versus Josh Bailey in neutral zone.
0:04 of 1st period - Shot by Josh Manson.
0:04 of 1st period - Shot Blocked by Neal Pionk.
0:31 of 1st period - Alex Ovechkin is hit by Neal Pionk and loses puck.
0:34 of 1st period - Shot by Alex Ovechkin.
0:34 of 1st period - Shot Misses the Net.
0:36 of 1st period - Shot by Sidney Crosby.
0:36 of 1st period - Goal by Sidney Crosby - Capitals : 1 - Hurricanes : 0.
0:37 of 1st period - Brayden Point wins face-off versus Victor Rask in neutral zone.
0:37 of 1st period - Erik Karlsson is hit by Darren Helm and loses puck.
1:18 of 1st period - Shot by Brandon Tanev.
1:18 of 1st period - Stopped by Joonas Korpisalo without a rebound.
1:19 of 1st period - Ivan Barbashev wins face-off versus Andrew Cogliano in Hurricanes zone.
1:24 of 1st period - Shot by Luke Kunin.
1:24 of 1st period - Shot Misses the Net.
1:30 of 1st period - Shot by Moritz Seider.
1:30 of 1st period - Stopped by Ilya Samsonov without a rebound.
1:31 of 1st period - Leo Komarov wins face-off versus Brad Richardson in Capitals zone.
2:05 of 1st period - Drew Doughty is hit by Neal Pionk and loses puck.
3:13 of 1st period - Chris Wagner is hit by Ivan Barbashev and loses puck.
3:42 of 1st period - Josh Bailey is hit by Alex Ovechkin and loses puck.
3:53 of 1st period - Shot by Mikko Rantanen.
3:53 of 1st period - Shot Blocked by Markus Nutivaara.
3:55 of 1st period - Shot by Sidney Crosby.
3:55 of 1st period - Stopped by Joonas Korpisalo without a rebound.
3:56 of 1st period - Victor Rask wins face-off versus Brayden Point in Hurricanes zone.
4:11 of 1st period - Pavel Buchnevich is hit by Neal Pionk and loses puck.
4:26 of 1st period - Shot by Darren Helm.
4:26 of 1st period - Shot Hit the Post.
4:28 of 1st period - Shot by Danton Heinen.
4:28 of 1st period - Goal by Danton Heinen - Capitals : 1 - Hurricanes : 1.
4:29 of 1st period - Jay Beagle wins face-off versus Josh Bailey in neutral zone.
5:21 of 1st period - Ryan Murray is hit by Alex Ovechkin and loses puck.
6:08 of 1st period - Minor Penalty to Drew Doughty for Holding.
6:09 of 1st period - Darren Helm wins face-off versus Ivan Barbashev in Capitals zone.
6:10 of 1st period - Shot by Quinn Hughes.
6:10 of 1st period - Deflect By Danton Heinen.
6:10 of 1st period - Shot Blocked by Brandon Tanev.
6:20 of 1st period - Shot by Quinn Hughes.
6:20 of 1st period - Shot Misses the Net.
7:30 of 1st period - Shot by Ivan Barbashev.
7:30 of 1st period - Shot Misses the Net.
8:21 of 1st period - Shot by Alex Ovechkin.
8:21 of 1st period - Stopped by Joonas Korpisalo without a rebound.
8:22 of 1st period - Sidney Crosby wins face-off versus Leo Komarov in Hurricanes zone.
8:41 of 1st period - Shot by Leo Komarov.
8:41 of 1st period - Deflect By Sonny Milano.
8:41 of 1st period - Shot Misses the Net.
8:43 of 1st period - Shot by Leo Komarov.
8:43 of 1st period - Stopped by Ilya Samsonov with a rebound.
8:53 of 1st period - Shot by Sonny Milano.
8:53 of 1st period - Shot Blocked by Trevor van Riemsdyk.
9:58 of 1st period - Calle Jarnkrok is hit by Darren Helm and loses puck.
10:29 of 1st period - Josh Bailey is hit by Luke Kunin and loses puck.
11:11 of 1st period - Shot by Pavel Buchnevich.
11:11 of 1st period - Shot Misses the Net.
11:13 of 1st period - Shot by Adam Larsson.
11:13 of 1st period - Stopped by Joonas Korpisalo with a rebound.
11:33 of 1st period - Shot by Brad Richardson.
11:33 of 1st period - Shot Misses the Net.
11:35 of 1st period - Shot by Jay Beagle.
11:35 of 1st period - Shot Blocked by Brian Boyle.
11:37 of 1st period - Shot by Jay Beagle.
11:37 of 1st period - Shot Misses the Net.
11:39 of 1st period - Shot by Jay Beagle.
11:39 of 1st period - Stopped by Joonas Korpisalo without a rebound.
11:40 of 1st period - Andrew Cogliano wins face-off versus Sidney Crosby in Hurricanes zone.
11:40 of 1st period - Neal Pionk is hit by Alex Ovechkin and loses puck.
11:49 of 1st period - Shot by Andrew Cogliano.
11:49 of 1st period - Stopped by Ilya Samsonov with a rebound.
11:51 of 1st period - Shot by Chris Wagner.
11:51 of 1st period - Shot Blocked by Josh Manson.
11:53 of 1st period - Shot by Quinn Hughes.
11:53 of 1st period - Stopped by Ilya Samsonov with a rebound.
11:54 of 1st period - Minor Penalty to Drew Doughty for High sticking.
11:55 of 1st period - Jay Beagle wins face-off versus Leo Komarov in Capitals zone.
12:10 of 1st period - Shot by Leo Komarov.
12:10 of 1st period - Shot Misses the Net.
12:12 of 1st period - Shot by Leo Komarov.
12:12 of 1st period - Goal by Leo Komarov - Capitals : 1 - Hurricanes : 2.
12:13 of 1st period - Andrew Cogliano wins face-off versus Brayden Point in neutral zone.
12:33 of 1st period - Brayden Point is hit by Neal Pionk and loses puck.
12:36 of 1st period - Shot by Pavel Buchnevich.
12:36 of 1st period - Shot Blocked by Neal Pionk.
12:38 of 1st period - Shot by Adam Larsson.
12:38 of 1st period - Stopped by Joonas Korpisalo with a rebound.
12:40 of 1st period - Shot by Pavel Buchnevich.
12:40 of 1st period - Shot Blocked by Neal Pionk.
12:42 of 1st period - Shot by Pavel Buchnevich.
12:42 of 1st period - Stopped by Joonas Korpisalo without a rebound.
12:43 of 1st period - Sidney Crosby wins face-off versus Victor Rask in Hurricanes zone.
12:53 of 1st period - Icing by Victor Rask.
12:54 of 1st period - Ivan Barbashev wins face-off versus Victor Rask in Hurricanes zone.
13:32 of 1st period - Shot by Luke Kunin.
13:32 of 1st period - Shot Blocked by Markus Nutivaara.
13:34 of 1st period - Shot by Josh Manson.
13:34 of 1st period - Stopped by Joonas Korpisalo without a rebound.
13:35 of 1st period - Leo Komarov wins face-off versus Brayden Point in Hurricanes zone.
13:35 of 1st period - Leo Komarov is hit by Brandon Tanev.
13:57 of 1st period - Shot by Curtis Lazar.
13:57 of 1st period - Deflect By Sonny Milano.
13:57 of 1st period - Shot Misses the Net.
14:16 of 1st period - Shot by Leo Komarov.
14:16 of 1st period - Shot Misses the Net.
14:32 of 1st period - Quinn Hughes is hit by Alex Ovechkin and loses puck.
15:01 of 1st period - Shot by Mikko Rantanen.
15:01 of 1st period - Shot Misses the Net.
15:27 of 1st period - Alex Ovechkin is hit by Ryan Murray and loses puck.
16:27 of 1st period - Ryan Murray is hit by Brandon Tanev.
16:32 of 1st period - Icing by Markus Nutivaara.
16:33 of 1st period - Victor Rask wins face-off versus Ivan Barbashev in Hurricanes zone.
16:35 of 1st period - Icing by Darren Helm.
16:36 of 1st period - Brayden Point wins face-off versus Victor Rask in Hurricanes zone.
16:36 of 1st period - Pavel Buchnevich is hit by Markus Nutivaara and loses puck.
16:52 of 1st period - Minor Penalty to Markus Nutivaara for Roughing.
16:53 of 1st period - Sidney Crosby wins face-off versus Josh Bailey in Hurricanes zone.
17:16 of 1st period - Shot by Alex Ovechkin.
17:16 of 1st period - Shot Misses the Net.
18:06 of 1st period - Shot by Pavel Buchnevich.
18:06 of 1st period - Goal by Pavel Buchnevich - Capitals : 2 - Hurricanes : 2.
18:07 of 1st period - Jay Beagle wins face-off versus Chris Wagner in neutral zone.
19:14 of 1st period - Shot by Brayden Point.
19:14 of 1st period - Shot Misses the Net.
19:16 of 1st period - Shot by Drew Doughty.
19:16 of 1st period - Stopped by Joonas Korpisalo without a rebound.
19:17 of 1st period - Sidney Crosby wins face-off versus Josh Bailey in Hurricanes zone.
19:18 of 1st period - Shot by Mikko Rantanen.
19:18 of 1st period - Stopped by Joonas Korpisalo without a rebound.
19:19 of 1st period - Sidney Crosby wins face-off versus Josh Bailey in Hurricanes zone.
19:20 of 1st period - Shot by Mikko Rantanen.
19:20 of 1st period - Shot Misses the Net.
19:35 of 1st period - Minor Penalty to Brian Boyle for Hooking.
19:36 of 1st period - Brayden Point wins face-off versus Nikita Gusev in Hurricanes zone.
19:37 of 1st period - Shot by Drew Doughty.
19:37 of 1st period - Stopped by Joonas Korpisalo without a rebound.
19:38 of 1st period - Nikita Gusev wins face-off versus Brayden Point in Hurricanes zone.
Goals for this period are 2 for Capitals vs 2 for Hurricanes.
Shots for this period are 13 for Capitals vs 6 for Hurricanes.

2nd period


0:01 of 2nd period - Brayden Point wins face-off versus Nikita Gusev in neutral zone.
0:38 of 2nd period - Shot by Drew Doughty.
0:38 of 2nd period - Stopped by Joonas Korpisalo without a rebound.
0:39 of 2nd period - Mikko Rantanen wins face-off versus Nikita Gusev in Hurricanes zone.
0:49 of 2nd period - Shot by Cody Ceci.
0:49 of 2nd period - Shot Misses the Net.
1:03 of 2nd period - Shot by Sidney Crosby.
1:03 of 2nd period - Stopped by Joonas Korpisalo without a rebound.
1:04 of 2nd period - Josh Bailey wins face-off versus Brayden Point in Hurricanes zone.
1:23 of 2nd period - Pavel Buchnevich is hit by Neal Pionk and loses puck.
1:28 of 2nd period - Shot by Brayden Point.
1:28 of 2nd period - Stopped by Joonas Korpisalo without a rebound.
1:29 of 2nd period - Nikita Gusev wins face-off versus Sidney Crosby in Hurricanes zone.
1:29 of 2nd period - Nikita Gusev is hit by Sidney Crosby.
1:59 of 2nd period - Leo Komarov is hit by Garnet Hathaway and loses puck.
2:06 of 2nd period - Shot by Jay Beagle.
2:06 of 2nd period - Stopped by Joonas Korpisalo with a rebound.
2:08 of 2nd period - Shot by Jay Beagle.
2:08 of 2nd period - Shot Misses the Net.
2:32 of 2nd period - Curtis Lazar is hit by Mikko Rantanen and loses puck.
3:08 of 2nd period - Off-side.
3:09 of 2nd period - Andrew Shaw wins face-off versus Ivan Barbashev in neutral zone.
3:11 of 2nd period - Off-side.
3:12 of 2nd period - Brayden Point wins face-off versus Andrew Cogliano in neutral zone.
3:28 of 2nd period - Shot by Erik Karlsson.
3:28 of 2nd period - Shot Blocked by Markus Nutivaara.
3:30 of 2nd period - Shot by Brandon Tanev.
3:30 of 2nd period - Shot Misses the Net.
3:32 of 2nd period - Shot by Brandon Tanev.
3:32 of 2nd period - Stopped by Joonas Korpisalo without a rebound.
3:33 of 2nd period - Josh Bailey wins face-off versus Ivan Barbashev in Hurricanes zone.
3:33 of 2nd period - Josh Bailey is hit by Ivan Barbashev.
3:53 of 2nd period - Shot by Ivan Barbashev.
3:53 of 2nd period - Stopped by Joonas Korpisalo without a rebound.
3:54 of 2nd period - Sidney Crosby wins face-off versus Andrew Cogliano in Hurricanes zone.
4:10 of 2nd period - Shot by Sidney Crosby.
4:10 of 2nd period - Stopped by Joonas Korpisalo without a rebound.
4:11 of 2nd period - Brayden Point wins face-off versus Josh Bailey in Hurricanes zone.
4:11 of 2nd period - Brayden Point is hit by Neal Pionk.
5:22 of 2nd period - Icing by Ryan Murray.
5:23 of 2nd period - Ivan Barbashev wins face-off versus Andrew Cogliano in Hurricanes zone.
5:41 of 2nd period - Ivan Barbashev is hit by Ryan Murray and loses puck.
5:48 of 2nd period - Shot by Luke Kunin.
5:48 of 2nd period - Shot Misses the Net.
5:49 of 2nd period - Minor Penalty to Ryan Murray for High sticking.
5:50 of 2nd period - Nikita Gusev wins face-off versus Sidney Crosby in Hurricanes zone.
6:06 of 2nd period - Shot by Sidney Crosby.
6:06 of 2nd period - Goal by Sidney Crosby - Capitals : 3 - Hurricanes : 2.
6:07 of 2nd period - Jay Beagle wins face-off versus Curtis Lazar in neutral zone.
6:25 of 2nd period - Icing by Zach Bogosian.
6:26 of 2nd period - Alex Ovechkin wins face-off versus Leo Komarov in Hurricanes zone.
6:26 of 2nd period - Alex Ovechkin is hit by Zach Bogosian.
6:35 of 2nd period - Icing by Moritz Seider.
6:36 of 2nd period - Leo Komarov wins face-off versus Calle Jarnkrok in Hurricanes zone.
6:36 of 2nd period - Leo Komarov is hit by Ivan Barbashev.
6:56 of 2nd period - Shot by Sonny Milano.
6:56 of 2nd period - Deflect By Curtis Lazar.
6:56 of 2nd period - Stopped by Ilya Samsonov without a rebound.
6:57 of 2nd period - Victor Rask wins face-off versus Sidney Crosby in Capitals zone.
7:04 of 2nd period - Shot by Danton Heinen.
7:04 of 2nd period - Shot Blocked by Erik Karlsson.
7:28 of 2nd period - Icing by Adam Larsson.
7:29 of 2nd period - Josh Bailey wins face-off versus Sidney Crosby in Capitals zone.
7:38 of 2nd period - Shot by Nikita Gusev.
7:38 of 2nd period - Shot Misses the Net.
7:40 of 2nd period - Shot by Brian Boyle.
7:40 of 2nd period - Shot Blocked by Erik Karlsson.
7:48 of 2nd period - Shot by Josh Bailey.
7:48 of 2nd period - Deflect By Brian Boyle.
7:48 of 2nd period - Stopped by Ilya Samsonov without a rebound.
7:49 of 2nd period - Brayden Point wins face-off versus Andrew Cogliano in Capitals zone.
8:11 of 2nd period - Off-side.
8:12 of 2nd period - Victor Rask wins face-off versus Ivan Barbashev in neutral zone.
8:25 of 2nd period - Shot by Danton Heinen.
8:25 of 2nd period - Shot Misses the Net.
9:27 of 2nd period - Shot by Alex Ovechkin.
9:27 of 2nd period - Stopped by Joonas Korpisalo without a rebound.
9:28 of 2nd period - Brayden Point wins face-off versus Andrew Cogliano in Hurricanes zone.
9:31 of 2nd period - Shot by Brandon Tanev.
9:31 of 2nd period - Stopped by Joonas Korpisalo without a rebound.
9:32 of 2nd period - Andrew Cogliano wins face-off versus Mikko Rantanen in Hurricanes zone.
9:53 of 2nd period - Shot by Chris Wagner.
9:53 of 2nd period - Shot Misses the Net.
9:55 of 2nd period - Shot by Andrew Cogliano.
9:55 of 2nd period - Shot Misses the Net.
10:05 of 2nd period - Shot by Andrew Shaw.
10:05 of 2nd period - Shot Blocked by Sidney Crosby.
10:11 of 2nd period - Shot by Andrew Cogliano.
10:11 of 2nd period - Shot Misses the Net.
11:23 of 2nd period - Shot by Brayden Point.
11:23 of 2nd period - Stopped by Joonas Korpisalo with a rebound.
12:14 of 2nd period - Sonny Milano is hit by Cody Ceci and loses puck.
12:26 of 2nd period - Minor Penalty to Cody Ceci for Interference.
12:27 of 2nd period - Jay Beagle wins face-off versus Nikita Gusev in Capitals zone.
13:34 of 2nd period - Erik Karlsson is hit by Leo Komarov and loses puck.
13:53 of 2nd period - Shot by Brandon Tanev.
13:53 of 2nd period - Deflect By Ivan Barbashev.
13:53 of 2nd period - Stopped by Joonas Korpisalo without a rebound.
13:54 of 2nd period - Brian Boyle wins face-off versus Ivan Barbashev in Hurricanes zone.
14:05 of 2nd period - Shot by Neal Pionk.
14:05 of 2nd period - Shot Misses the Net.
14:07 of 2nd period - Shot by Neal Pionk.
14:07 of 2nd period - Deflect By Nikita Gusev.
14:07 of 2nd period - Shot Blocked by Ivan Barbashev.
14:39 of 2nd period - Shot by Alex Ovechkin.
14:39 of 2nd period - Stopped by Joonas Korpisalo without a rebound.
14:40 of 2nd period - Leo Komarov wins face-off versus Jay Beagle in Hurricanes zone.
15:15 of 2nd period - Icing by Cody Ceci.
15:16 of 2nd period - Jay Beagle wins face-off versus Darren Helm in Capitals zone.
15:23 of 2nd period - Shot by Jay Beagle.
15:23 of 2nd period - Stopped by Joonas Korpisalo without a rebound.
15:24 of 2nd period - Andrew Cogliano wins face-off versus Sidney Crosby in Hurricanes zone.
15:49 of 2nd period - Shot by Mikko Rantanen.
15:49 of 2nd period - Stopped by Joonas Korpisalo without a rebound.
15:50 of 2nd period - Brayden Point wins face-off versus Josh Bailey in Hurricanes zone.
15:53 of 2nd period - Shot by Brandon Tanev.
15:53 of 2nd period - Stopped by Joonas Korpisalo without a rebound.
15:54 of 2nd period - Brayden Point wins face-off versus Josh Bailey in Hurricanes zone.
15:54 of 2nd period - Erik Karlsson is hit by Ryan Murray and loses puck.
16:12 of 2nd period - Pavel Buchnevich is hit by Ryan Murray and loses puck.
16:49 of 2nd period - Markus Nutivaara is hit by Alex Ovechkin and loses puck.
17:02 of 2nd period - Shot by Alex Ovechkin.
17:02 of 2nd period - Shot Blocked by Ryan Murray.
17:18 of 2nd period - Shot by Mikko Rantanen.
17:18 of 2nd period - Deflect By Alex Ovechkin.
17:18 of 2nd period - Stopped by Joonas Korpisalo with a rebound.
18:52 of 2nd period - Shot by Erik Karlsson.
18:52 of 2nd period - Stopped by Joonas Korpisalo with a rebound.
19:34 of 2nd period - Shot by Brandon Tanev.
19:34 of 2nd period - Stopped by Joonas Korpisalo without a rebound.
19:35 of 2nd period - Sidney Crosby wins face-off versus Leo Komarov in Hurricanes zone.
19:44 of 2nd period - Shot by Sidney Crosby.
19:44 of 2nd period - Shot Blocked by Moritz Seider.
Goals for this period are 1 for Capitals vs 0 for Hurricanes.
Shots for this period are 19 for Capitals vs 2 for Hurricanes.

3rd period


0:01 of 3rd period - Chris Wagner wins face-off versus Sidney Crosby in neutral zone.
0:03 of 3rd period - Minor Penalty to Alex Ovechkin for Roughing.
0:04 of 3rd period - Leo Komarov wins face-off versus Brad Richardson in Capitals zone.
0:13 of 3rd period - Shot by Darren Helm.
0:13 of 3rd period - Shot Misses the Net.
0:15 of 3rd period - Shot by Markus Nutivaara.
0:15 of 3rd period - Stopped by Ilya Samsonov without a rebound.
0:16 of 3rd period - Ivan Barbashev wins face-off versus Josh Bailey in Capitals zone.
0:16 of 3rd period - Ivan Barbashev is hit by Brian Boyle.
0:47 of 3rd period - Shot by Quinn Hughes.
0:47 of 3rd period - Shot Blocked by Brandon Tanev.
1:07 of 3rd period - Jay Beagle is hit by Brian Boyle and loses puck.
1:51 of 3rd period - Shot by Darren Helm.
1:51 of 3rd period - Stopped by Ilya Samsonov without a rebound.
1:52 of 3rd period - Josh Bailey wins face-off versus Ivan Barbashev in Capitals zone.
1:55 of 3rd period - Shot by Quinn Hughes.
1:55 of 3rd period - Stopped by Ilya Samsonov with a rebound.
1:57 of 3rd period - Shot by Neal Pionk.
1:57 of 3rd period - Shot Misses the Net.
1:59 of 3rd period - Shot by Nikita Gusev.
1:59 of 3rd period - Shot Hit the Post.
2:01 of 3rd period - Shot by Josh Bailey.
2:01 of 3rd period - Stopped by Ilya Samsonov without a rebound.
2:02 of 3rd period - Ivan Barbashev wins face-off versus Leo Komarov in Capitals zone.
2:14 of 3rd period - Icing by Erik Karlsson.
2:15 of 3rd period - Leo Komarov wins face-off versus Mikko Rantanen in Capitals zone.
2:16 of 3rd period - Shot by Sonny Milano.
2:16 of 3rd period - Shot Misses the Net.
2:32 of 3rd period - Icing by Markus Nutivaara.
2:33 of 3rd period - Brayden Point wins face-off versus Leo Komarov in Hurricanes zone.
2:33 of 3rd period - Josh Manson is hit by Markus Nutivaara and loses puck.
2:54 of 3rd period - Shot by Sonny Milano.
2:54 of 3rd period - Stopped by Ilya Samsonov without a rebound.
2:55 of 3rd period - Sidney Crosby wins face-off versus Chris Wagner in Capitals zone.
3:02 of 3rd period - Mikko Rantanen is hit by Andrew Shaw.
3:57 of 3rd period - Icing by Zach Bogosian.
3:58 of 3rd period - Josh Bailey wins face-off versus Brayden Point in Hurricanes zone.
4:17 of 3rd period - Brian Boyle is hit by Brandon Tanev and loses puck.
4:36 of 3rd period - Shot by Brayden Point.
4:36 of 3rd period - Stopped by Joonas Korpisalo without a rebound.
4:37 of 3rd period - Darren Helm wins face-off versus Ivan Barbashev in Hurricanes zone.
6:12 of 3rd period - Chris Wagner is hit by Alex Ovechkin and loses puck.
6:17 of 3rd period - Shot by Alex Ovechkin.
6:17 of 3rd period - Shot Misses the Net.
6:19 of 3rd period - Shot by Sidney Crosby.
6:19 of 3rd period - Shot Blocked by Andrew Cogliano.
6:25 of 3rd period - Shot by Alex Ovechkin.
6:25 of 3rd period - Stopped by Joonas Korpisalo without a rebound.
6:26 of 3rd period - Brayden Point wins face-off versus Josh Bailey in Hurricanes zone.
7:53 of 3rd period - Shot by Leo Komarov.
7:53 of 3rd period - Shot Misses the Net.
8:01 of 3rd period - Shot by Jay Beagle.
8:01 of 3rd period - Stopped by Joonas Korpisalo without a rebound.
8:02 of 3rd period - Victor Rask wins face-off versus Sidney Crosby in Hurricanes zone.
8:04 of 3rd period - Darren Helm is hit by Alex Ovechkin and loses puck.
8:19 of 3rd period - Shot by Danton Heinen.
8:19 of 3rd period - Shot Misses the Net.
8:26 of 3rd period - Darren Helm is hit by Cody Ceci and loses puck.
8:29 of 3rd period - Shot by Danton Heinen.
8:29 of 3rd period - Deflect By Victor Rask.
8:29 of 3rd period - Shot Misses the Net.
8:31 of 3rd period - Shot by Victor Rask.
8:31 of 3rd period - Stopped by Ilya Samsonov with a rebound.
8:37 of 3rd period - Shot by Darren Helm.
8:37 of 3rd period - Stopped by Ilya Samsonov with a rebound.
8:39 of 3rd period - Shot by Victor Rask.
8:39 of 3rd period - Stopped by Ilya Samsonov with a rebound.
8:43 of 3rd period - Shot by Darren Helm.
8:43 of 3rd period - Deflect By Danton Heinen.
8:43 of 3rd period - Stopped by Ilya Samsonov without a rebound.
8:44 of 3rd period - Ivan Barbashev wins face-off versus Andrew Cogliano in Capitals zone.
9:01 of 3rd period - Shot by Luke Kunin.
9:01 of 3rd period - Shot Misses the Net.
9:11 of 3rd period - Shot by Andrew Cogliano.
9:11 of 3rd period - Stopped by Ilya Samsonov without a rebound.
9:12 of 3rd period - Josh Bailey wins face-off versus Brayden Point in Capitals zone.
9:12 of 3rd period - Quinn Hughes is hit by Adam Larsson and loses puck.
9:31 of 3rd period - Shot by Brian Boyle.
9:31 of 3rd period - Stopped by Ilya Samsonov with a rebound.
9:33 of 3rd period - Shot by Brian Boyle.
9:33 of 3rd period - Deflect By Nikita Gusev.
9:33 of 3rd period - Shot Hit the Post.
9:40 of 3rd period - Josh Bailey is hit by Adam Larsson and loses puck.
9:45 of 3rd period - Shot by Josh Bailey.
9:45 of 3rd period - Stopped by Ilya Samsonov without a rebound.
9:46 of 3rd period - Darren Helm wins face-off versus Sidney Crosby in Capitals zone.
10:08 of 3rd period - Darren Helm is hit by Drew Doughty.
10:20 of 3rd period - Shot by Danton Heinen.
10:20 of 3rd period - Shot Blocked by Josh Manson.
10:22 of 3rd period - Shot by Victor Rask.
10:22 of 3rd period - Shot Hit the Post.
10:44 of 3rd period - Icing by Quinn Hughes.
10:45 of 3rd period - Brayden Point wins face-off versus Andrew Cogliano in Hurricanes zone.
10:45 of 3rd period - Brayden Point is hit by Neal Pionk.
10:50 of 3rd period - Minor Penalty to Quinn Hughes for Hooking.
10:51 of 3rd period - Brayden Point wins face-off versus Josh Bailey in Hurricanes zone.
10:54 of 3rd period - Shot by Brayden Point.
10:54 of 3rd period - Shot Misses the Net.
10:56 of 3rd period - Shot by Cody Ceci.
10:56 of 3rd period - Stopped by Joonas Korpisalo without a rebound.
10:57 of 3rd period - Calle Jarnkrok wins face-off versus Josh Bailey in Hurricanes zone.
11:06 of 3rd period - Shot by Erik Karlsson.
11:06 of 3rd period - Stopped by Joonas Korpisalo with a rebound.
11:08 of 3rd period - Shot by Drew Doughty.
11:08 of 3rd period - Goal by Drew Doughty - Capitals : 4 - Hurricanes : 2.
11:09 of 3rd period - Jay Beagle wins face-off versus Curtis Lazar in neutral zone.
11:12 of 3rd period - Leo Komarov is hit by Jay Beagle and loses puck.
11:34 of 3rd period - Shot by Sonny Milano.
11:34 of 3rd period - Stopped by Ilya Samsonov without a rebound.
11:35 of 3rd period - Andrew Cogliano wins face-off versus Ivan Barbashev in Capitals zone.
12:02 of 3rd period - Shot by Luke Kunin.
12:02 of 3rd period - Stopped by Joonas Korpisalo without a rebound.
12:03 of 3rd period - Brayden Point wins face-off versus Leo Komarov in Hurricanes zone.
12:26 of 3rd period - Curtis Lazar is hit by Pavel Buchnevich and loses puck.
12:58 of 3rd period - Pavel Buchnevich is hit by Leo Komarov.
14:08 of 3rd period - Shot by Victor Rask.
14:08 of 3rd period - Stopped by Ilya Samsonov without a rebound.
14:09 of 3rd period - Ivan Barbashev wins face-off versus Andrew Cogliano in Capitals zone.
14:52 of 3rd period - Shot by Ivan Barbashev.
14:52 of 3rd period - Shot Misses the Net.
15:40 of 3rd period - Shot by Darren Helm.
15:40 of 3rd period - Stopped by Ilya Samsonov without a rebound.
15:41 of 3rd period - Sidney Crosby wins face-off versus Josh Bailey in Capitals zone.
15:41 of 3rd period - Sidney Crosby is hit by Nikita Gusev.
15:46 of 3rd period - Alex Ovechkin is hit by Markus Nutivaara and loses puck.
16:25 of 3rd period - Shot by Sidney Crosby.
16:25 of 3rd period - Stopped by Joonas Korpisalo without a rebound.
16:26 of 3rd period - Brayden Point wins face-off versus Victor Rask in Hurricanes zone.
16:26 of 3rd period - Brayden Point is hit by Neal Pionk.
17:08 of 3rd period - Shot by Darren Helm.
17:08 of 3rd period - Goal by Darren Helm - Capitals : 4 - Hurricanes : 3.
17:09 of 3rd period - Luke Kunin wins face-off versus Leo Komarov in neutral zone.
17:32 of 3rd period - Shot by Luke Kunin.
17:32 of 3rd period - Stopped by Joonas Korpisalo without a rebound.
17:33 of 3rd period - Andrew Cogliano wins face-off versus Sidney Crosby in Hurricanes zone.
17:33 of 3rd period - Andrew Cogliano is hit by Alex Ovechkin.
17:36 of 3rd period - Ryan Murray is hit by Alex Ovechkin and loses puck.
17:42 of 3rd period - Markus Nutivaara is hit by Drew Doughty.
17:44 of 3rd period - Shot by Andrew Cogliano.
17:44 of 3rd period - Shot Misses the Net.
17:46 of 3rd period - Shot by Andrew Cogliano.
17:46 of 3rd period - Shot Misses the Net.
18:00 of 3rd period - Shot by Andrew Cogliano.
18:00 of 3rd period - Shot Misses the Net.
18:02 of 3rd period - Shot by Andrew Cogliano.
18:02 of 3rd period - Shot Misses the Net.
18:05 of 3rd period - Andrew Cogliano is hit by Josh Manson and loses puck.
18:14 of 3rd period - Shot by Andrew Cogliano.
18:14 of 3rd period - Goal by Andrew Cogliano - Capitals : 4 - Hurricanes : 4.
18:15 of 3rd period - Leo Komarov wins face-off versus Calle Jarnkrok in neutral zone.
18:38 of 3rd period - Shot by Sonny Milano.
18:38 of 3rd period - Stopped by Ilya Samsonov without a rebound.
18:39 of 3rd period - Brayden Point wins face-off versus Victor Rask in Capitals zone.
19:02 of 3rd period - Shot by Danton Heinen.
19:02 of 3rd period - Shot Misses the Net.
19:14 of 3rd period - Shot by Danton Heinen.
19:14 of 3rd period - Shot Misses the Net.
19:16 of 3rd period - Shot by Moritz Seider.
19:16 of 3rd period - Shot Misses the Net.
19:18 of 3rd period - Shot by Zach Bogosian.
19:18 of 3rd period - Deflect By Victor Rask.
19:18 of 3rd period - Stopped by Ilya Samsonov without a rebound.
19:19 of 3rd period - Calle Jarnkrok wins face-off versus Leo Komarov in Capitals zone.
19:19 of 3rd period - Calle Jarnkrok is hit by Sonny Milano.
19:42 of 3rd period - Calle Jarnkrok is hit by Neal Pionk and loses puck.
19:46 of 3rd period - Luke Kunin is hit by Neal Pionk and loses puck.
19:51 of 3rd period - Shot by Ivan Barbashev.
19:51 of 3rd period - Stopped by Joonas Korpisalo without a rebound.
19:52 of 3rd period - Sidney Crosby wins face-off versus Andrew Cogliano in Hurricanes zone.
Goals for this period are 1 for Capitals vs 2 for Hurricanes.
Shots for this period are 10 for Capitals vs 19 for Hurricanes.

Overtime #1


0:01 of 1st overtime period - Sidney Crosby wins face-off versus Brian Boyle in neutral zone.
0:26 of 1st overtime period - Shot by Josh Bailey.
0:26 of 1st overtime period - Deflect By Brian Boyle.
0:26 of 1st overtime period - Stopped by Ilya Samsonov without a rebound.
0:27 of 1st overtime period - Sidney Crosby wins face-off versus Brian Boyle in Capitals zone.
0:51 of 1st overtime period - Shot by Sidney Crosby.
0:51 of 1st overtime period - Shot Misses the Net.
0:55 of 1st overtime period - Shot by Sidney Crosby.
0:55 of 1st overtime period - Shot Misses the Net.
1:15 of 1st overtime period - Icing by Drew Doughty.
1:16 of 1st overtime period - Brayden Point wins face-off versus Nikita Gusev in Capitals zone.
1:24 of 1st overtime period - Off-side.
1:25 of 1st overtime period - Brayden Point wins face-off versus Nikita Gusev in neutral zone.
1:52 of 1st overtime period - Shot by Mikko Rantanen.
1:52 of 1st overtime period - Stopped by Joonas Korpisalo without a rebound.
1:53 of 1st overtime period - Josh Bailey wins face-off versus Sidney Crosby in Hurricanes zone.
2:04 of 1st overtime period - Shot by Josh Bailey.
2:04 of 1st overtime period - Goal by Josh Bailey - Capitals : 4 - Hurricanes : 5.
Goals for this period are 0 for Capitals vs 1 for Hurricanes.
Shots for this period are 1 for Capitals vs 2 for Hurricanes.